 Dungeon Sprint DCSS version 0.21-a0-414-gba8bdf1 (webtiles) character file.

5 Kidiri the Ruffian (level 1, -3/25 HPs)
             Began as a Draconian Transmuter on Nov 2, 2017.
             Was a Follower of Wu Jian.
             Slain by a flying skull (4 damage)
             ... in the Dungeon (Sprint VII: "The Pits").
             The game lasted 00:01:04 (147 turns).

Kidiri the Ruffian (Draconian Transmuter)            Turns: 147, Time: 00:01:05

Health: -3/25      AC:  4    Str: 17    XL:     1   Next: 66%
Magic:  2/3        EV: 12    Int: 13    God:    Wu Jian [*.....]
Gold:   0          SH:  0    Dex: 11    Spells: 3/4 levels left

rFire    . . .     SeeInvis .     - Unarmed
rCold    . . .     Gourm    .   (no shield)
rNeg     . . .     Faith    .   (armour unavailable)
rPois    .         Spirit   .   (helmet restricted)
rElec    .         Reflect  .   (no cloak)
rCorr    .         Harm     .   (no gloves)
MR       .....     NoTele   +   (no boots)
Stlth    ..........             (no amulet)
HPRegen  0.08/turn              (no ring)
MPRegen  0.08/turn              (no ring)

@: berserking, very quick
A: unfitting armour, cold-blooded, AC +4
a: Renounce Religion


You were in the Dungeon.
You worshipped Wu Jian.
Wu Jian was aware of your devotion.
You were not hungry.

You visited 1 branch

Inventory:

Missiles
 a - 12 arrows
 p - 10 stones (quivered)
Scrolls
 i - a scroll of blinking
 k - 3 scrolls of remove curse
 l - 5 scrolls of amnesia
 m - a scroll of summoning
Potions
 d - a potion of curing
 e - a potion of heal wounds
 f - a potion of haste
 g - 4 potions of magic
 h - 2 potions of berserk rage
 j - 2 potions of invisibility
Books
 b - a book of Changes

   Spells                             Type                      Level
   a - Beastly Appendage              Transmutation                1
   b - Sticks to Snakes               Transmutation                2
   c - Spider Form                    Transmutation/Poison         3
   d - Ice Form                       Ice/Transmutation            4
   e - Blade Hands                    Transmutation                5
Comestibles
 c - 8 bread rations
 n - 40 fruits
 o - 7 meat rations


   Skills:
 * Level 2.0 Fighting
 + Level 2.0 Dodging
 + Level 0.7 Stealth
 * Level 3.4 Unarmed Combat
 * Level 2.4 Spellcasting
 + Level 2.2 Transmutations


You had 3 spell levels left.
You knew the following spells:

 Your Spells              Type           Power        Failure   Level  Hunger
a - Beastly Appendage     Tmut           #.....       10%         1    #......


Dungeon Overview and Level Annotations

Branches:
Dungeon (1/1)

Altars:
Ashenzari
Cheibriados
Dithmenos
Elyvilon
Fedhas
Gozag
Hepliaklqana
Kikubaaqudgha
Makhleb
Nemelex Xobeh
Okawaru
Qazlal
Ru
Sif Muna
Trog
Uskayaw
Vehumet
Wu Jian
Xom
Yredelemnul
Zin
The Shining One
Beogh
Jiyva
Lugonu

Annotations:
D exclusions: 6 doors and 6 more exclusions


Innate Abilities, Weirdness & Mutations

Your plain brown scales are hard. (AC +4)
You cannot fit into any form of body armour.
You are cold-blooded and may be slowed by cold attacks.


Message History

The quokka bites you but does no damage.
You hit the flying skull. Your headbutt misses the flying skull.
The flying skull is severely damaged.
The flying skull hits you!
* * * LOW HITPOINT WARNING * * *
The worker ant completely misses you.
You closely miss the flying skull. Your headbutt misses the flying skull.
The flying skull is severely damaged.
The quokka bites you but does no damage.
The flying skull closely misses you.
You barely miss the flying skull.
The flying skull is severely damaged.
The worker ant bites you but does no damage.
The flying skull closely misses you. The quokka bites you.
* * * LOW HITPOINT WARNING * * *
You miss the flying skull.
The flying skull is severely damaged.
Your horns disappear.
The flying skull hits you.
You die...

##########.##..........
#...........'..........
#+#####'#####......#..#
#.....# #..........
#.....# ####'#####+
###'### #.......#
#...).# #.......#
#.....# #.......#
####@## #...<...#
#..raz...##.......#
#...r....##.......#
###########.......#
#########


You could see a flying skull, a worker ant and 2 quokkas.

Vanquished Creatures
  A bat skeleton (D)
  A giant cockroach (D)
  A quokka (D)
  A frilled lizard (D)
  A kobold (D)
5 creatures vanquished.

Notes
Turn   | Place    | Note
-------+----------+-------------------------------------------
     0 | D        | Kidiri the Draconian Transmuter began the quest for the Orb.
     0 | D        | Reached XP level 1. HP: 16/16 MP: 3/3
    63 | D        | Found a bloodstained altar of Trog.
    63 | D        | Found a deep blue altar of Sif Muna.
    63 | D        | Found a viscous altar of Jiyva.
    63 | D        | Found a hazy altar of Hepliaklqana.
    63 | D        | Found an opulent altar of Gozag.
    64 | D        | Found a glowing golden altar of the Shining One.
    64 | D        | Found a glowing silver altar of Zin.
    64 | D        | Found a basalt altar of Yredelemnul.
    64 | D        | Found a shimmering altar of Xom.
    64 | D        | Found an ornate altar of the Wu Jian Council.
    64 | D        | Found a sacrificial altar of Ru.
    64 | D        | Found a stormy altar of Qazlal.
    64 | D        | Found an iron altar of Okawaru.
    64 | D        | Found a sparkling altar of Nemelex Xobeh.
    64 | D        | Found a burning altar of Makhleb.
    64 | D        | Found a blossoming altar of Fedhas.
    64 | D        | Found a white marble altar of Elyvilon.
    64 | D        | Found a shadowy altar of Dithmenos.
    64 | D        | Found a snail-covered altar of Cheibriados.
    67 | D        | Found a corrupted altar of Lugonu.
    67 | D        | Found a radiant altar of Vehumet.
    67 | D        | Found a roughly hewn altar of Beogh.
    68 | D        | Found an ancient bone altar of Kikubaaqudgha.
    68 | D        | Found a hide-covered altar of Uskayaw.
    68 | D        | Found a shattered altar of Ashenzari.
    75 | D        | Became a worshipper of the Wu Jian Council
   126 | D        | Reached * piety under Wu Jian
   138 | D        | Noticed a flying skull
   138 | D        | Noticed a worker ant
   146 | D        | HP: 1/25 [quokka (3)]
   147 | D        | Slain by a flying skull

Vault maps used:
D:        pitsprint

Skill      XL: |  1 |
---------------+----+-----
Dodging        | 2 |  2.0
Fighting       | 2 |  2.0
Stealth        | |  0.7
Unarmed Combat | |  3.4
Spellcasting   | |  2.4
Transmutations | |  2.2

Action                   || total
-------------------------++-------
Melee: Unarmed           ||    17
       Kick              ||     4
       Tailslap          ||     2
       Headbutt          ||     1
 Cast: Beastly Appendage ||     4
  Use: Potion            ||     1
Armor: Skin              ||     9
Dodge: Dodged            ||     9

Table legend:
 A = Spawn XP
 B = Non-spawn XP
 C = Spawn XP percentage of total XP
 D = Spawn monster count
 E = Non-spawn monster count
 F = Spawn count percentage of total count
 G = Total turns spent on level
                    A         B        C        D         E        F      G
               +---------+---------+-------+---------+---------+-------+---------
         Total |       0 |       8 |   0.0 |       0 |       5 |   0.0 |   147
               +---------+---------+-------+---------+---------+-------+---------
             D |       0 |       8 |   0.0 |       0 |       5 |   0.0 |   147
               +---------+---------+-------+---------+---------+-------+---------
